 Dungeon Crawl Stone Soup version 0.31-a0-507-gbafd7f5274 (webtiles) character file.

Game seed: 378880962693896292

953 randomguy2701 the Reanimator (level 7, -2/36 HPs)
             Began as a Deep Elf Necromancer on Aug 9, 2023.
             Slain by Prince Ribbit (10 damage)
             ... on level 6 of the Dungeon.
             The game lasted 00:09:12 (6255 turns).

randomguy2701 the Reanimator (Deep Elf Necromancer) Turns: 6255, Time: 00:09:12

Health: -2/36      AC:  2    Str:  5    XL:     7   Next: 90%
Magic:  6/20       EV: 13    Int: 22    God:
Gold:   309        SH:  0    Dex: 15    Spells: 17/22 levels left

rFire   . . .        (no weapon)
rCold   . . .        (no shield)
rNeg    . . .        a - +0 robe
rPois   +            (no helmet)
rElec   .            (no cloak)
rCorr   .            (no gloves)
SInv    .            (no boots)
Will    .....        l - amulet of the acrobat
Stlth   ++           j - ring of poison resistance
HPRegen 0.26/turn    n - ring of wizardry
MPRegen 0.17/turn

%: acrobat, wizardry (x1)
@: no status effects
A: no striking features
a: no special abilities


You were on level 6 of the Dungeon.
You visited 1 branch of the dungeon, and saw 6 of its levels.

You collected 309 gold pieces.

Inventory:

Armour
 a - a +0 robe (worn)
Jewellery
 j - a ring of poison resistance (left hand)
 l - an amulet of the acrobat (around neck)
 n - a ring of wizardry (right hand)
 u - a ring of willpower
Wands
 p - a wand of charming (13)
 t - a wand of flame (15)
Scrolls
 e - a scroll of identify
 g - a scroll of summoning {unknown}
 i - a scroll of teleportation {unknown}
 o - 2 scrolls of immolation {unknown}
 q - 4 scrolls of amnesia
 r - 2 scrolls of fog {unknown}
Potions
 b - a potion of magic
 c - a potion of might {unknown}
 d - 5 potions of mutation
 f - a potion of enlightenment {unknown}
 h - 7 potions of curing
 k - a potion of degeneration {unknown}
 s - a potion of attraction {unknown}


   Skills:
 + Level 3.5 Dodging
 + Level 3.0 Stealth
 + Level 8.4 Spellcasting
 + Level 0.6 Conjurations
 + Level 8.8 Necromancy
 + Level 0.5 Air Magic


You had 17 spell levels left.
You knew the following spells:

 Your Spells              Type           Power      Damage    Failure   Level
a - Necrotise             Necr           100%       1d9       1%          1
b - Shock                 Conj/Air       44%        1d5       2%          1
c - Vampiric Draining     Necr           48%        2d9       1%          3

Your spell library contained the following spells:

 Spells                   Type           Power      Damage    Failure   Level
 Cigotuvi's Dreadful Rot  Necr/Pois/Air  44%        N/A       1%          2
 Animate Dead             Necr           48%        N/A       1%          4
 Foxfire                  Conj/Fire      40%        2x1d6     2%          1
 Agony                    Necr           48%        N/A       2%          5
 Swiftness                Air            11%        N/A       7%          3
 Ignite Poison            Fire/Tmut/Pois 9%         N/A       9%          3
 Airstrike                Air            5%         2d(1-17)  22%         4
 Iskenderun's Battlesphe  Conj           12%        2d7       50%         5
 Freezing Cloud           Conj/Ice/Air   5%         6-21      52%         5
 Leda's Unmaking          Conj/Erth      5%         9d2       97%         6
 Starburst                Conj/Fire      5%         6d4       97%         6
 Plasma Beam              Fire/Air       5%         2x1d15    98%         6
 Malign Gateway           Summ/Tloc      4%         N/A       100%        7
 Spellforged Servitor     Conj/Summ      5%         N/A       100%        7
 Summon Horrible Things   Summ           4%         N/A       100%        8


Dungeon Overview and Level Annotations

Branches:
Dungeon (6/15)
 Temple: D:4-7

Altars:
Makhleb

Annotations:
D:3 1 runed translucent door, Crazy Yiuf
D:6 Prince Ribbit


Message History

Confirm with . or Enter, or press ? or * to list all spells.
Aiming: Shock (safe; 2% risk of failure)
Press: ? - help, Shift-Dir - straight line The zap hits the white imp.
The white imp is almost dead.
The zap hits the white imp.
You kill the white imp!
Prince Ribbit comes into view.
Casting: Shock (safe; 2% risk of failure)
Confirm with . or Enter, or press ? or * to list all spells.
Aiming: Shock (safe; 2% risk of failure)
Press: ? - help, Shift-Dir - straight line, f - Prince Ribbit
Aim: Prince Ribbit (not watching you, ally target, 45% to hit)
The zap hits your hound skeleton.
Your hound skeleton is heavily damaged.
The zap hits Prince Ribbit.
Prince Ribbit is lightly wounded.
Prince Ribbit lets out a mournful croak.
Prince Ribbit blinks!
Prince Ribbit writhes in agony.
Prince Ribbit hits you!
You are too injured to fight recklessly!
You are too injured to fight recklessly!
Casting: Necrotise (safe; 1% risk of failure)
Confirm with . or Enter, or press ? or * to list all spells.
Aiming: Necrotise (safe; 1% risk of failure)
Press: ? - help, Shift-Dir - straight line, f/p - Prince Ribbit
Aim: Prince Ribbit (lightly wounded, ally target, chance to affect: 70%) Prince Ribbit struggles to resist.
Prince Ribbit hits you!
* * * LOW HITPOINT WARNING * * *
Prince Ribbit hops awkwardly around.
Prince Ribbit hits you.
* * * LOW HITPOINT WARNING * * *
Casting: Necrotise (safe; 1% risk of failure)
Confirm with . or Enter, or press ? or * to list all spells.
Aiming: Vampiric Draining (safe; 1% risk of failure)
Press: ? - help, Shift-Dir - straight line, f/p - Prince Ribbit
Aim: Prince Ribbit (lightly wounded, ally target)
You draw life force from Prince Ribbit!
You feel life coursing into your body. Prince Ribbit hits you!
You die...

.. .. .# #.#####
###.......
###.....#
#######......#
........Z..##.....
###..#F@### ... #
#.## . #.# #.# #.#
#.# ##.# ##..#
##..##


You could see Prince Ribbit (ally target) and a friendly hound skeleton.

Vanquished Creatures
  An ogre (D:5)
  A black bear (D:5)
  3 scorpions
  2 hounds
  3 orc priests
  2 sleepcaps (D:5)
  An iguana (D:5)
  4 orc wizards
  2 gnolls (D:5)
  6 adders
  3 white imps
  2 ufetubi
  3 worms
  A dart slug (D:2)
  17 orcs
  13 endoplasms
  8 giant cockroaches
  9 hobgoblins
  3 jackals (D:5)
  A quokka (D:2)
  9 ball pythons
  8 bats
  4 frilled lizards
  8 goblins
  7 kobolds
  4 rats
125 creatures vanquished.

Vanquished Creatures (collateral kills)
  A hound (D:6)
  A gnoll (D:5)
  An orc (D:5)
  An endoplasm (D:1)
4 creatures vanquished.

Grand Total: 129 creatures vanquished

Notes
Turn   | Place    | Note
-------+----------+-------------------------------------------
     0 | D:1      | randomguy2701 the Deep Elf Necromancer began the quest for
                  | the Orb.
     0 | D:1      | Reached XP level 1. HP: 10/10 MP: 6/6
   190 | D:1      | Reached skill level 5 in Necromancy
   232 | D:1      | Reached XP level 2. HP: 10/15 MP: 2/8
   840 | D:1      | Reached XP level 3. HP: 19/19 MP: 6/10
  1289 | D:2      | Learned a level 1 spell: Shock
  2280 | D:2      | Reached XP level 4. HP: 24/24 MP: 8/12
  2930 | D:3      | Found a runed translucent door.
  2931 | D:3      | Noticed Crazy Yiuf
  3161 | D:3      | Reached skill level 5 in Spellcasting
  3300 | D:3      | Found a burning altar of Makhleb.
  3512 | D:4      | Reached XP level 5. HP: 28/28 MP: 9/14
  3919 | D:4      | Reached XP level 6. HP: 31/32 MP: 7/17
  4795 | D:5      | Entered Level 5 of the Dungeon
  4984 | D:5      | Reached XP level 7. HP: 36/36 MP: 4/19
  5783 | D:5      | Learned a level 3 spell: Vampiric Draining
  6250 | D:6      | Noticed Prince Ribbit
  6255 | D:6      | Slain by Prince Ribbit

Illustrated notes

Levels and vault maps discovered:
D:1:      minmay_arrival_pointy, layout_basic, minmay_close_crescents
D:2:      layout_loops_corners, columned_hall_lemuel
D:3:      layout_loops_cross, mainiacjoe_overflow_alcove_4, dk_noncrumbling_4,
          minmay_misc_feat_diagonals, eino_tiny_chamber, corner_web_ring,
          kennysheep_generic_room_14, uniq_crazy_yiuf_cottage
D:4:      layout_basic, st_stairs_8, minmay_between
D:5:      layout_basic
D:6:      layout_rooms, mainiacjoe_overflow_cross_hatched,
          worldfamousw_hep_ancestral_shrine, ebering_ghost_inner_flame,
          uniq_jeremiah, uniq_prince_ribbit1

Skill      XL: |  1  2  3  4  5  6  7 |
---------------+----------------------+-----
Necromancy     | 5 6 7 8 |  8.8
Spellcasting   | 4 5 6 7 8 |  8.4
Stealth        | 3 |  3.0
Dodging        | 3 |  3.5
Conjurations   | |  0.6
Air Magic      | |  0.5

Action                     |  1- 3 |  4- 6 |  7- 9 || total
---------------------------+-------+-------+-------++-------
  Melee: Unarmed           |     1 |     1 |       ||     2
   Cast: Necrotise         |    81 |   130 |    57 ||   268
         Shock             |       |    18 |    23 ||    41
         Vampiric Draining |       |       |     1 ||     1
    Use: Scroll            |       |       |     4 ||     4
         Potion            |       |       |     1 ||     1
 Armour: Robe              |     4 |     9 |     2 ||    15
  Dodge: Dodged            |    11 |    37 |    25 ||    73

Table legend: (Time is in decaauts)
 A = Elapsed time spent in this place.
 B = Non-inter-level travel time spent in this place.
 C = Inter-level travel time spent in this place.
 D = Time resting spent in this place.
 E = Time spent auto-exploring this place.
 F = Levels seen in this place.
 G = Mean time per level.
                   A        B        C        D        E       F      G
               +--------+--------+--------+--------+--------+-----+--------+
         Total |   6252 |   6061 |    191 |      0 |   5391 |   6 | 1042.0 |
       Dungeon |   6252 |   6061 |    191 |      0 |   5391 |   6 | 1042.0 |
               +--------+--------+--------+--------+--------+-----+--------+

Top non-repeatable levels by time:
     D:5: 1416 daAuts
     D:4: 1287 daAuts
     D:1: 1274 daAuts
     D:2: 1139 daAuts
     D:3: 1092 daAuts
     D:6: 42 daAuts
